 Dungeon Crawl Stone Soup version 0.23.2-1-ga50397a6bc (webtiles) character file.

Game seed: 1750804190067009563

57814 OdinFK the Markscentaur (level 14, 0/132 HPs)
             Began as a Centaur Hunter on Apr 22, 2019.
             Was the Champion of Okawaru.
             Slain by an orc warrior
             ... wielding a +0 broad axe of electrocution
              (10 damage)
             ... on level 2 of the Orcish Mines on Apr 23, 2019.
             The game lasted 02:08:13 (23289 turns).

OdinFK the Markscentaur (Centaur Hunter)           Turns: 23289, Time: 02:08:13

Health: 0/132      AC: 24    Str: 25    XL:     14   Next: 47%
Magic:  16/16      EV:  1    Int:  5    God:    Okawaru [******]
Gold:   1883       SH:  0    Dex: 12    Spells: 13/13 levels left

rFire    . . .     SeeInvis .   a - +4 longbow (velocity)
rCold    + + .     Gourm    .   (shield currently unavailable)
rNeg     . . .     Faith    .   C - +0 crystal plate armour of Evolution {rCorr Dex+3}
rPois    .         Spirit   .   (no helmet)
rElec    .         Reflect  .   z - +0 cloak
rCorr    +         Harm     .   Y - +2 pair of gloves {archery}
MR       +....                  T - +0 centaur barding {rC+}
Stlth    ..........             p - amulet of regeneration
HPRegen  0.72/turn              X - ring "Birphig" {+Fly rC+ Str+4 Int-5}
MPRegen  0.15/turn              Q - +3 ring of slaying

@: very quick
A: large, hooves 3, deformed body, speed 2, tough skin 3
a: Heroism, Finesse, Renounce Religion, Evoke Flight


You were on level 2 of the Orcish Mines.
You worshipped Okawaru.
Okawaru was exalted by your worship.
You were not hungry.

You visited 4 branches of the dungeon, and saw 20 of its levels.
You also visited: Bailey and Ice Cave.

You collected 1883 gold pieces.

Inventory:

Hand Weapons
 a - a +4 longbow of velocity (weapon)
 b - a +2 triple sword of freezing
Missiles
 d - 188 arrows (quivered)
Armour
 z - a +0 cloak (worn)
 C - the +0 crystal plate armour of Evolution (worn) {rCorr Dex+3}
   (Okawaru gifted it to you on level 1 of the Orcish Mines)

   It affects your dexterity (+3).
   It provides partial protection from all sources of acid and corrosion.
 P - a +0 troll leather armour
 R - a +0 centaur barding of flying
 S - a +2 robe of magic resistance
 T - a +0 centaur barding of cold resistance (worn)
 Y - a +2 pair of gloves of archery (worn)
Jewellery
 p - an amulet of regeneration (around neck)
 u - an uncursed ring of protection from magic
 Q - a +3 ring of slaying (right hand)
 X - the ring "Birphig" (left hand) {+Fly rC+ Str+4 Int-5}
   (You acquired it on level 1 of the Lair of Beasts)

   [ring of flight]

   It affects your strength (+4).
   It affects your intelligence (-5).
   It protects you from cold.
   It lets you fly.
Wands
 i - a wand of paralysis (6)
 y - a wand of iceblast (27)
 D - a wand of flame (41)
 I - a wand of digging (12)
 O - a wand of scattershot (2)
Scrolls
 c - 9 scrolls of teleportation
 e - 3 scrolls of fog
 k - 15 scrolls of remove curse
 l - a scroll of immolation {unknown}
 n - 3 scrolls of magic mapping
 o - a scroll of noise {unknown}
 t - 4 scrolls of enchant armour
 E - a scroll of silence {unknown}
 H - a scroll of random uselessness {unknown}
 J - 3 scrolls of blinking
 K - a scroll of torment {unknown}
 M - a scroll of brand weapon {unknown}
 N - a scroll of fear {unknown}
 U - 2 scrolls of vulnerability {unknown}
 W - a scroll of summoning {unknown}
Potions
 g - a potion of degeneration {unknown}
 h - 2 potions of magic {unknown}
 j - 5 potions of might
 m - 5 potions of flight
 r - 3 potions of curing {unknown}
 s - 2 potions of cancellation
 v - 2 potions of berserk rage {unknown}
 w - 2 potions of haste {unknown}
 x - 3 potions of agility
 A - 2 potions of brilliance {unknown}
 F - 2 potions of lignification {unknown}
 L - 2 potions of experience {unknown}
 Z - 2 potions of mutation {unknown}
Miscellaneous
 q - a lightning rod (4/4)
 B - a phantom mirror
 G - a box of beasts
Comestibles
 f - 36 rations


   Skills:
 + Level 14.3 Fighting
   Level 5.8(6.8) Short Blades
 + Level 5.3(6.6) Long Blades
 + Level 20.1 Bows
 * Level 6.9 Armour
 - Level 2.3 Dodging
 - Level 0.4 Stealth
 - Level 3.0 Invocations
 + Level 2.5 Evocations


You had 13 spell levels left.
You didn't know any spells.
Your spell library contained the following spells:

 Spells                   Type           Power        Failure   Level  Hunger
 Animate Skeleton         Necr           N/A          100%        1    ##.....
 Apportation              Tloc           #.....       100%        1    ##.....
 Beastly Appendage        Tmut           #.....       100%        1    ##.....
 Confusing Touch          Hex            #.....       100%        1    ##.....
 Corona                   Hex            #......      100%        1    ##.....
 Infusion                 Chrm           #...         100%        1    ##.....
 Pain                     Necr           #...         100%        1    ##.....
 Sandblast                Erth           #.....       100%        1    ##.....
 Shock                    Conj/Air       #...         100%        1    ##.....
 Sting                    Conj/Pois      #...         100%        1    ##.....
 Summon Small Mammal      Summ           #...         100%        1    ##.....
 Ensorcelled Hibernation  Hex/Ice        #.....       100%        2    ###....
 Passwall                 Tmut/Erth      #.......     100%        2    ###....
 Shroud of Golubria       Chrm/Tloc      #.........   100%        2    ###....
 Song of Slaying          Chrm           #.......     100%        2    ###....
 Sticks to Snakes         Tmut           #.......     100%        2    ###....
 Sublimation of Blood     Necr           #.........   100%        2    ###....
 Swiftness                Chrm/Air       #.......     100%        2    ###....
 Throw Frost              Conj/Ice       #.....       100%        2    ###....
 Confuse                  Hex            #.......     100%        3    ####...
 Dazzling Spray           Conj/Hex       #.....       100%        3    ####...
 Ignite Poison            Fire/Tmut/Pois #.......     100%        3    ####...
 Regeneration             Chrm/Necr      #.........   100%        3    ####...
 Spectral Weapon          Hex/Chrm       #.......     100%        3    ####...
 Spider Form              Tmut/Pois      #.........   100%        3    ####...
 Static Discharge         Conj/Air       #.......     100%        3    ####...
 Stone Arrow              Conj/Erth      #.....       100%        3    ####...
 Tukima's Dance           Hex            #.......     100%        3    ####...
 Vampiric Draining        Necr           #.........   100%        3    ####...
 Airstrike                Air            #.........   100%        4    #####..
 Animate Dead             Necr           N/A          100%        4    #####..
 Ice Form                 Ice/Tmut       #.......     100%        4    #####..
 Petrify                  Tmut/Erth      #.......     100%        4    #####..
 Alistair's Intoxication  Tmut/Pois      #.......     100%        5    ######.
 Blade Hands              Tmut           #.........   100%        5    ######.
 Bolt of Magma            Conj/Fire/Erth #.........   100%        5    ######.
 Irradiate                Conj/Tmut      #.........   100%        5    ######.
 Iskenderun's Battlesphe  Conj/Chrm      #.......     100%        5    ######.
 Lee's Rapid Deconstruct  Erth           #.........   100%        5    ######.
 Lightning Bolt           Conj/Air       #.........   100%        5    ######.
 Venom Bolt               Conj/Pois      #.........   100%        5    ######.
 Iron Shot                Conj/Erth      #.........   100%        6    #######
 Orb of Destruction       Conj           #.........   100%        7    #######
 Spellforged Servitor     Conj/Summ      #.........   100%        7    #######


Dungeon Overview and Level Annotations

Branches:
Dungeon (12/15)            Temple (1/1) D:6            Lair (5/6) D:10
 Shoals (0/4) Lair:3        Snake (0/4) Lair:4          Orc (2/2) D:10
  Slime: Lair:5-6       Elf: Orc:2

Altars:
Ashenzari
Cheibriados
Dithmenos
Elyvilon
Fedhas
Gozag
Hepliaklqana
Kikubaaqudgha
Makhleb
Nemelex Xobeh
Okawaru
Qazlal
Ru
Sif Muna
Trog
Uskayaw
Vehumet
Wu Jian
Xom
Yredelemnul
Zin
The Shining One

Portals:
Trove: D:11 (give 5 potions of resistance)

Annotations:
D:10 2 transporters, strelocc's ghost, journeyman DEEE
Lair:4 2 transporters, Aricsoirch's ghost, journeyman GrFi


Innate Abilities, Weirdness & Mutations

You have hooves in place of feet.
Armour fits poorly on your strangely shaped body.
You cover ground very quickly.
You have extremely tough skin. (AC +3)


Message History

The orc priest casts a cantrip, but nothing happens.
The orc priest hits you but does no damage.
The orc warrior hits you but does no damage.
The orc wizard casts a spell.
The orc wizard blinks!
The orc warrior hits you with a +0 battleaxe!
The orc knight hits you with a +0 great sword!!
There is a stone staircase leading up, spattered with blood here.
You see here 2 tomahawks.
The orc warrior hits you with a +0 battleaxe!!
* * * LOW HITPOINT WARNING * * *
The orc priest looks encouraged for a moment.
The orc warrior barely misses you.
The orc priest hits you but does no damage.
The orc high priest hits you but does no damage.
The orc warrior hits you with a +0 battleaxe!!
* * * LOW HITPOINT WARNING * * *
The orc warrior hits you but does no damage.
You are electrocuted!
You die...

.............#.
..o...........(...o....
o..o..#o.....(..oo(.o..
...o.......#....)(..#o.
....o....o.o.((<..(($#
o§....oo...o.([......#
.....ooo..o(.(......#..
#.$.ooooooo((.......#
#.$o.oo@oooo........#
......ooo.(........#.#
......#.oo.......##...#
.................. #.##
..... .........
............... ....
......#...
.......$.......


You could see an orc warlord, 2 orc knights, 2 orc high priests, an orc
sorcerer, 11 orc warriors, 4 orc priests, an orc wizard and 13 orcs.

Vanquished Creatures
  4 orc warlords (Orc:1)
  3 hydras
  2 two-headed ogres (Orc:1)
  2 catoblepae
  A queen ant (Lair:2)
  An orc high priest (Orc:1)
  2 unseen horrors
  The ghost of Torikoriko the Changer, a novice OgTm (D:7)
  4 orc knights
  3 orc sorcerers (Orc:1)
  5 oklob plants
  2 ugly things (D:12)
  15 elephants
  2 ice statues (IceCv)
  6 black mambas
  A merfolk siren (Lair:3)
  A centaur zombie (D:11)
  A torpor snail (Lair:1)
  A gargoyle (D:10)
  A rime drake (Lair:2)
  10 spiny frogs
  4 komodo dragons
  6 polar bears
  2 hornets (D:11)
  10 ice devils
  8 trolls
  9 blink frogs (Lair:5)
  Grinder (D:6)
  5 hippogriffs
  A dream sheep (Lair:5)
  4 wyverns
  14 yaks
  A steam dragon (D:10)
  5 wargs
  14 soldier ants (Lair:2)
  An acid dragon (D:11)
  7 porcupines
  19 water moccasins
  3 ice beasts
  2 black bears
  30 orc warriors
  A phantom (D:7)
  8 sky beasts
  4 centaurs
  13 wolves
  2 ogres
  8 crocodiles
  16 bullfrogs
  A scorpion (D:3)
  8 killer bees
  2 electric eels (D:6)
  2 howler monkeys (D:11)
  3 crimson imps
  A quasit (D:11)
  A jelly (D:8)
  16 orc priests
  5 hounds
  Crazy Yiuf (D:6)
  2 bullfrog skeletons
  23 orc wizards
  5 iguanas
  7 hell rats (Lair:5)
  33 worker ants
  A hound skeleton (D:7)
  2 worker ant zombies
  A howler monkey skeleton (D:8)
  2 gnolls (Bailey)
  A howler monkey zombie (D:8)
  12 adders
  3 shadow imps
  7 white imps (IceCv)
  5 ufetubi (IceCv)
  3 adder skeletons
  3 worms (D:4)
  4 leopard geckos
  73 orcs
  4 giant cockroaches
  10 goblins
  5 hobgoblins
  6 jackals
  17 kobolds
  7 quokkas
  5 ball pythons
  7 bats
  6 frilled lizards
  A leopard gecko skeleton (D:4)
  A quokka skeleton (D:9)
  4 rats
  A bush (Lair:1)
  3 plants
570 creatures vanquished.

Vanquished Creatures (others)
  A reaper (IceCv)
  A hippogriff (D:10)
  An orc wizard (Orc:1)
  4 white imps (IceCv)
  3 ufetubi (IceCv)
  13 fungi
  8 plants
31 creatures vanquished.

Grand Total: 601 creatures vanquished

Notes
Turn   | Place    | Note
-------+----------+-------------------------------------------
     0 | D:1      | OdinFK the Centaur Hunter began the quest for the Orb.
     0 | D:1      | Reached XP level 1. HP: 17/17 MP: 1/1
   159 | D:1      | Reached XP level 2. HP: 24/24 MP: 2/2
   376 | D:1      | Reached skill level 6 in Bows
   753 | D:2      | Reached XP level 3. HP: 24/29 MP: 3/3
  1244 | D:3      | Reached skill level 1 in Short Blades
  1400 | D:3      | Reached XP level 4. HP: 36/36 MP: 4/4
  2013 | D:3      | Reached skill level 7 in Bows
  2013 | D:3      | Reached skill level 1 in Armour
  2026 | D:4      | Noticed a bullfrog
  2064 | D:3      | Killed a bullfrog
  2064 | D:3      | Reached XP level 5. HP: 35/42 MP: 5/5
  2321 | D:4      | Reached XP level 6. HP: 50/50 MP: 6/6
  2488 | D:4      | Reached skill level 8 in Bows
  2693 | D:4      | Found a burning altar of Makhleb.
  2934 | D:5      | Entered Level 5 of the Dungeon
  3261 | D:5      | Noticed a sky beast
  3275 | D:5      | Killed a sky beast
  3372 | D:5      | Noticed a sky beast
  3381 | D:5      | Killed a sky beast
  3381 | D:5      | Reached skill level 9 in Bows
  3381 | D:5      | Reached skill level 1 in Evocations
  3381 | D:5      | Reached XP level 7. HP: 29/56 MP: 7/7
  4025 | D:6      | Found a transporter.
  4386 | D:6      | Found a staircase to the Ecumenical Temple.
  4744 | D:6      | Found a runed translucent door.
  4745 | D:6      | Noticed Crazy Yiuf
  4776 | D:6      | Found a deep blue altar of Sif Muna.
  4837 | D:6      | Killed Crazy Yiuf
  4854 | D:6      | Reached skill level 10 in Bows
  5295 | D:6      | Found a transporter.
  5317 | D:6      | Noticed Grinder
  5334 | D:6      | Killed Grinder
  5334 | D:6      | Reached XP level 8. HP: 59/63 MP: 9/9
  5512 | D:7      | Found a runed translucent door.
  5512 | D:7      | Noticed Torikoriko's ghost (novice OgTm)
  5916 | D:7      | Reached skill level 11 in Bows
  6768 | D:8      | Reached skill level 12 in Bows
  6932 | D:8      | Reached XP level 9. HP: 46/72 MP: 10/10
  7764 | D:9      | Found a flagged portal.
  7772 | Bailey   | Entered a bailey
  7777 | Bailey   | Noticed an orc warlord
  7853 | Bailey   | Noticed an orc knight
  8054 | Bailey   | Killed an orc knight
  8054 | Bailey   | Reached skill level 13 in Bows
  8173 | Bailey   | Found a runed translucent gate.
  8175 | Bailey   | Found a runed translucent gate.
  8177 | Bailey   | Found a runed translucent gate.
  8616 | D:9      | Found an ornate altar of the Wu Jian Council.
  8810 | D:9      | Found a shadowy altar of Dithmenos.
  8878 | D:9      | Reached skill level 5 in Fighting
  9047 | D:9      | Reached skill level 14 in Bows
  9460 | D:9      | Found a shadowy altar of Dithmenos.
  9466 | D:9      | Found a radiant altar of Vehumet.
  9746 | D:10     | Entered Level 10 of the Dungeon
  9853 | D:10     | Reached XP level 10. HP: 20/81 MP: 11/11
  9882 | D:10     | HP: 1/81 [wyvern (10)]
 10094 | D:10     | HP: 4/81 [something (6)]
 10109 | D:10     | Killed an unseen horror
 10705 | D:10     | Found a staircase to the Lair.
 10871 | D:10     | Found a transporter.
 10874 | D:10     | Noticed strelocc's ghost (journeyman DEEE)
 10874 | D:10     | Noticed a moth of wrath
 10901 | D:10     | Found a transporter.
 10911 | D:10     | Noticed a seven-headed hydra
 10982 | D:10     | Noticed a gargoyle
 11021 | D:10     | Killed a gargoyle
 11130 | D:10     | Found a staircase to the Orcish Mines.
 11530 | Temple   | Entered the Ecumenical Temple
 11561 | Temple   | Became a worshipper of Warmaster Okawaru
 11867 | D:6      | Reached skill level 5 in Armour
 12138 | D:11     | Killed an unseen horror
 12138 | D:11     | Reached skill level 5 in Short Blades
 12138 | D:11     | Reached skill level 15 in Bows
 12259 | D:11     | Paralysed by a hornet for 2 turns
 12261 | D:11     | Reached * piety under Okawaru
 12470 | D:11     | Reached XP level 11. HP: 38/92 MP: 12/12
 12502 | D:11     | Found a portal to a secret trove of treasure.
 12605 | D:11     | Reached ** piety under Okawaru
 12711 | D:11     | Found a frozen archway.
 12808 | IceCv    | Entered an ice cave
 13032 | IceCv    | Killed a reaper
 14417 | IceCv    | Reached *** piety under Okawaru
 14417 | IceCv    | Reached skill level 16 in Bows
 15739 | D:12     | Noticed a purple ugly thing
 15750 | D:12     | Killed a purple ugly thing
 15753 | D:12     | Noticed a red ugly thing
 15764 | D:12     | Killed a red ugly thing
 15778 | D:12     | Reached skill level 1 in Long Blades
 16065 | Lair:1   | Entered Level 1 of the Lair of Beasts
 16070 | Lair:1   | Reached **** piety under Okawaru
 16070 | Lair:1   | Received a gift from Okawaru
 16284 | Lair:1   | Received a gift from Okawaru
 16378 | Lair:1   | Noticed an oklob plant
 16409 | Lair:1   | Killed an oklob plant
 16594 | Lair:1   | Received a gift from Okawaru
 17054 | Lair:1   | Identified 3 scrolls of acquirement
 17061 | Lair:1   | Got a twitching turquoise ring
 17063 | Lair:1   | Identified the ring "Birphig" {+Fly rC+ Str+4 Int-5} (You
                  | acquired it on level 1 of the Lair of Beasts)
 17116 | Lair:1   | Received a gift from Okawaru
 17380 | Lair:2   | Reached XP level 12. HP: 76/104 MP: 13/13
 17500 | Lair:2   | Received a gift from Okawaru
 17597 | Lair:1   | Reached skill level 17 in Bows
 17654 | Lair:2   | Noticed an eight-headed hydra
 17654 | Lair:2   | Noticed a five-headed hydra
 18244 | Lair:2   | Reached ***** piety under Okawaru
 18309 | Lair:2   | Killed an eight-headed hydra
 18309 | Lair:2   | Received a gift from Okawaru
 18309 | Lair:2   | Reached skill level 10 in Fighting
 18309 | Lair:2   | Reached skill level 5 in Long Blades
 18395 | Lair:2   | Killed a five-headed hydra
 18471 | Lair:2   | Received a gift from Okawaru
 18502 | Lair:2   | Noticed a queen ant
 18548 | Lair:2   | Killed a queen ant
 18548 | Lair:2   | Reached skill level 18 in Bows
 18791 | Lair:2   | Got a pitted trident
 18792 | Lair:2   | Identified the cursed +3 trident of Checks and Balances
                  | {flame, Dex+5} (You found it on level 2 of the Lair of
                  | Beasts)
 19043 | Lair:3   | Noticed a catoblepas
 19046 | Lair:3   | Killed a catoblepas
 19081 | Lair:3   | Received a gift from Okawaru
 19081 | Lair:3   | Reached XP level 13. HP: 107/114 MP: 14/14
 19549 | Lair:3   | Found a staircase to the Shoals.
 19713 | Lair:4   | Received a gift from Okawaru
 19780 | Lair:4   | Reached skill level 19 in Bows
 19831 | Lair:4   | Reached skill level 1 in Invocations
 19884 | Lair:4   | Found a staircase to the Snake Pit.
 20203 | Lair:4   | Found a transporter.
 20212 | Lair:4   | Found a bloodstained altar of Trog.
 20212 | Lair:4   | Identified the +6 spear of the Spectre {drain, rF+}
 20212 | Lair:4   | Noticed Aricsoirch's ghost (journeyman GrFi)
 20215 | Lair:4   | Identified the +0 trident of Boleuje {protect, rElec rF+
                  | Str+4}
 20219 | Lair:4   | Found a transporter.
 20994 | Lair:5   | Reached skill level 20 in Bows
 21146 | Lair:5   | Received a gift from Okawaru
 21831 | D:7      | Killed Torikoriko's ghost
 22106 | Orc:1    | Entered Level 1 of the Orcish Mines
 22125 | Orc:1    | Received a gift from Okawaru
 22129 | Orc:1    | Got a twisted crystal plate armour {god gift}
 22140 | Orc:1    | Identified the +0 crystal plate armour of Evolution {rCorr
                  | Dex+3} (Okawaru gifted it to you on level 1 of the Orcish
                  | Mines)
 22153 | Orc:1    | Noticed an orc warlord
 22158 | Orc:1    | Killed an orc warlord
 22158 | Orc:1    | Reached XP level 14. HP: 127/127 MP: 16/16
 22337 | Orc:1    | Noticed an orc warlord
 22350 | Orc:1    | Killed an orc warlord
 22380 | Orc:1    | Reached ****** piety under Okawaru
 22505 | Orc:1    | Noticed an orc warlord
 22514 | Orc:1    | Noticed an orc warlord
 22528 | Orc:1    | Killed an orc warlord
 22557 | Orc:1    | Killed an orc warlord
 22695 | Orc:1    | Identified Lee's Almanac of Dusty Confrontation
 22960 | Orc:1    | You fall through a shaft!
 22960 | Orc:2    | Entered Level 2 of the Orcish Mines
 23170 | Orc:2    | Noticed an orc warlord
 23289 | Orc:2    | Slain by an orc warrior

Skill      XL: |  1  2  3  4  5  6  7  8  9 10 11 12 13 14 |
---------------+-------------------------------------------+-----
Bows           | 6 7 9 10 12 14 15 16 18 20 | 20.1
Short Blades   | 1 2 3 4 5 |  5.8
Armour         | 1 2 3 5 6 |  6.9
Evocations     | 1 2 |  2.5
Fighting       | 3 4 5 7 9 10 12 14 | 14.3
Dodging        | 2 |  2.3
Long Blades    | 3 5 |  5.3
Invocations    | 3 |  3.0
Stealth        | |  0.4

Action                   |  1- 3 |  4- 6 |  7- 9 | 10-12 | 13-15 || total
-------------------------+-------+-------+-------+-------+-------++-------
Melee: Short sword       |    78 |       |    22 |    97 |       ||   197
       Kick              |    12 |    15 |    54 |   129 |     1 ||   211
       Dagger            |     9 |    67 |   245 |   211 |       ||   532
       Shortbow          |       |       |       |     2 |       ||     2
       Triple sword      |       |       |       |    80 |     9 ||    89
 Fire: Shortbow          |    36 |    42 |   313 |   547 |       ||   938
       Longbow           |       |       |       |   108 |   557 ||   665
Evoke: Wand              |       |       |       |     8 |       ||     8
  Use: Scroll            |       |     2 |     5 |    14 |     5 ||    26
       Potion            |       |       |       |     3 |       ||     3
 Stab: Paralysed         |       |       |       |     1 |       ||     1
  Eat: Chunk             |       |     7 |    23 |    24 |     5 ||    59
Armor: Leather armour    |    34 |    24 |     4 |       |       ||    62
       Chain mail        |       |       |   130 |    49 |       ||   179
       Troll leather arm |       |       |       |    86 |       ||    86
       Acid dragon scale |       |       |       |    72 |    19 ||    91
       Crystal plate arm |       |       |       |       |    97 ||    97
Dodge: Dodged            |    46 |    29 |    81 |   135 |    19 ||   310
       Rpst.: Triple sword |       |       |       |    15 |       ||    15
